 Dungeon Crawl Stone Soup version 0.30.0 (webtiles) character file.

Game seed: 3795184637244320459

14 Meow the Conjurer (level 2, 22/22 HPs)
             Began as a Naga Conjurer on Dec 20, 2023.
             Quit the game on level 1 of the Dungeon.
             The game lasted 00:01:17 (640 turns).

Meow the Conjurer (Naga Conjurer)                    Turns: 640, Time: 00:01:18

Health: 22/22      AC:  2    Str:  9    XL:     2   Next: 41%
Magic:  5/5        EV:  9    Int: 18    God:
Gold:   38         SH:  0    Dex:  9    Spells: 2/5 levels left

rFire   . . .        a - +0 short sword
rCold   . . .        (no shield)
rNeg    . . .        c - +0 robe
rPois   +            h - +0 helmet
rElec   .            (no cloak)
rCorr   .            (no gloves)
SInv    +            (no barding)
Will    .....        (no amulet)
Stlth   ++           (no ring)
HPRegen 0.23/turn    (no ring)
MPRegen 0.09/turn

%: no passive effects
@: very slow
A: AC +0, large, see invisible, deformed body, poison resistance, slowness 2,
spit poison 1, naga tail 1
a: Spit Poison


You were on level 1 of the Dungeon.
You visited 1 branch of the dungeon, and saw 1 of its levels.

You collected 38 gold pieces.

Inventory:

Hand Weapons
 a - a +0 short sword (weapon)
Missiles
 d - 13 stones
 j - 2 poisoned darts
Armour
 c - a +0 robe (worn)
 h - a +0 helmet (worn)
Scrolls
 e - a scroll of magic mapping {unknown}
 g - a scroll of fear {unknown}
 i - a scroll of teleportation {unknown}
Potions
 b - a potion of magic
 f - a potion of mutation {unknown}


   Skills:
 - Level 1.5 Dodging
 - Level 3.0 Stealth
 + Level 2.4 Spellcasting
 + Level 4.3 Conjurations


You had 2 spell levels left.
You knew the following spells:

 Your Spells              Type           Power      Damage    Failure   Level
a - Magic Dart            Conj           68%        1d6       3%          1
b - Searing Ray           Conj           34%        2d5       4%          2

Your spell library contained the following spells:

 Spells                   Type           Power      Damage    Failure   Level
 Dazzling Flash           Conj/Hex       18%        N/A       22%         3
 Fulminant Prism          Conj/Hex       4%         3d5       56%         4
 Iskenderun's Mystic Bla  Conj/Tloc      9%         2d4       56%         4
 Leda's Liquefaction      Hex/Erth       1%         N/A       86%         4
 Lee's Rapid Deconstruct  Erth           1%         3d4*      99%         5
 Statue Form              Tmut/Erth      1%         N/A       100%        6


Dungeon Overview and Level Annotations

Branches:
Dungeon (1/15)

Altars:


Innate Abilities, Weirdness & Mutations

Your serpentine skin is tough. (AC +0)
You have supernaturally acute eyesight. (SInv)
Armour fits poorly on your strangely shaped body.
Your system is resistant to poisons. (rPois)
You cover ground very slowly.
You can spit poison.
You have a snake-like lower body.


Message History

A rat comes into view.
A rat is nearby!
Aiming: Spit Poison (2% risk of failure)
Press: ? - help, Shift-Dir - straight line, f - rat
Aim: a rat (asleep, 100% to hit)
The splash of poison hits the rat.
The rat is poisoned.
You kill the rat!
Unknown command.
You have got your breath back.
An endoplasm comes into view.
Aiming: Spit Poison (2% risk of failure)
Press: ? - help, Shift-Dir - straight line, f - endoplasm
Aim: an endoplasm (asleep, 100% to hit)
The splash of poison hits the endoplasm.
The endoplasm is moderately wounded.
The endoplasm quivers.
Unknown command.
Casting: Magic Dart (safe; 3% risk of failure)
Confirm with . or Enter, or press ? or * to list all spells.
Aiming: Magic Dart (safe; 3% risk of failure)
Press: ? - help, Shift-Dir - straight line, f/p - endoplasm
Aim: an endoplasm (moderately wounded, 100% to hit)
The magic dart hits the endoplasm.
You kill the endoplasm!
Casting: Magic Dart (safe; 3% risk of failure)
Confirm with . or Enter, or press ? or * to list all spells.
You can't see any susceptible monsters within range! (Use Z to cast anyway.) Unknown command.
Okay, then.
Memorise Searing Ray, consuming 2 spell levels and leaving 2?
You have got your breath back.
You start memorising the spell.
You continue memorising. x2
You finish memorising.
Spell assigned to 'b'.
Magic restored.
Key pressed, stopping explore.
Are you sure you want to abandon this character and quit the game? (Confirm with "yes".)
Okay, then.
Unknown command.
Unknown command.
Are you sure you want to abandon this character and quit the game? (Confirm with "yes".)

....# #####........#
....# #.....#......#
##.###### #.##..#......#
#......###.##..#...##.##
#..........##..#.......#
##'######..###.##.#.#####
.......###†###....#.#
.......# #..#..####.#
.......# ##..>..@.#.#
.......# #######.#.#
.......# #.#.# .......#
#.#.#### .......#
#.#....# ########
#.####.# #.# #.# #.####.#
#......#


There were no monsters in sight!

Vanquished Creatures
  3 endoplasms (D:1)
  A goblin (D:1)
  A quokka (D:1)
  3 ball pythons (D:1)
  2 bats (D:1)
  A frilled lizard (D:1)
  3 rats (D:1)
14 creatures vanquished.

Notes
Turn   | Place    | Note
-------+----------+-------------------------------------------
     0 | D:1      | Meow the Naga Conjurer began the quest for the Orb.
     0 | D:1      | Reached XP level 1. HP: 15/15 MP: 3/3
   337 | D:1      | Reached XP level 2. HP: 22/22 MP: 5/5
   580 | D:1      | Learned a level 2 spell: Searing Ray
   640 | D:1      | Quit the game

Illustrated notes

Levels and vault maps discovered:
D:1:      dpeg_arrival_lava_altar, layout_basic

Action                     || total
---------------------------++-------
   Cast: Magic Dart        ||    10
Ability: Spit Poison       ||    10
 Armour: Robe              ||     3
  Dodge: Dodged            ||     2
